 Dungeon Crawl Stone Soup version 0.29.0-4-gdea44cf6ec (webtiles) character file.

Game seed: 6766520185557951102

49047 qw the Severer (level 13, -1/113 (126) HPs)
             Began as a Minotaur Fighter on Sept 4, 2022.
             Was a High Priest of Ru.
             Slain by an eight-headed hydra (6 damage)
             ... on level 5 of the Lair of Beasts.
             The game lasted 00:06:46 (19479 turns).

qw the Severer (Minotaur Fighter)                  Turns: 19479, Time: 00:06:47

HP:   -1/113 (126)  AC: 28    Str: 25    XL:     13   Next: 14%
MP:   12/12         EV: 11    Int:  5    God:    Ru [*****.]
Gold: 1027          SH: 11    Dex: 11    Spells: 12/12 levels left

rFire   + + .      SeeInvis .   r - +1 demon whip (drain)
rCold   . . .      Faith    .   e - +0 buckler {rF+}
rNeg    . . .      Spirit   .   p - +0 plate armour
rPois   .          Reflect  +   (helmet restricted)
rElec   .          Harm     .   a - +2 cloak of Ogouveg {rF+ Slay+2}
rCorr   .          Rampage  .   l - +1 pair of gloves
Will    .....                   n - +0 pair of boots
Stlth   ..........              s - amulet of reflection
HPRegen 0.28/turn               i - +4 ring of protection
MPRegen 0.13/turn               k - +4 ring of evasion

@: about to teleport, heavily drained
A: horns 2, inability to train dodging, weak-willed 1, inexperienced 1, missing
an eye, retaliatory headbutt
a: Renounce Religion, Draw Out Power, Power Leap, Apocalypse


You were on level 5 of the Lair of Beasts.
You worshipped Ru.
Ru was extremely pleased with you.
You visited 3 branches of the dungeon, and saw 17 of its levels.
You also visited: Sewer.

You collected 1027 gold pieces.


Innate Abilities, Weirdness & Mutations

You have a pair of horns on your head.
You cannot train Dodging skill.
You are slightly weak-willed. (Will-)
You are somewhat inexperienced. (-1 XL)
You are missing an eye, making it more difficult to aim.
You reflexively headbutt those who attack you in melee.


   Skills:
 - Level 15.0 Fighting
 - Level 17.0 Axes
 - Level 7.0 Throwing
 + Level 14.4 Armour
 - Level 10.0 Shields


You had 12 spell levels left.
You didn't know any spells.
Your spell library was empty.

Inventory:

Hand Weapons
 r - a +1 demon whip of draining (weapon)
 Y - a +1 war axe of draining
Missiles
 g - a javelin (quivered)
 t - 5 boomerangs
Armour
 a - the +2 cloak of Ogouveg (worn) {rF+ Slay+2}
   (You acquired it on level 2 of the Dungeon)

   Slay:      It affects your accuracy & damage with ranged weapons and melee
   (+2).
   rF:        It protects you from fire.
 e - a +0 buckler of fire resistance (worn)
 l - a +1 pair of gloves (worn)
 n - a +0 pair of boots (worn)
 p - a +0 plate armour (worn)
Jewellery
 i - a +4 ring of protection (left hand)
 k - a +4 ring of evasion (right hand)
 o - an amulet of regeneration
 s - an amulet of reflection (around neck)
Wands
 q - a wand of digging (9)
Scrolls
 h - 4 scrolls of identify
 m - 6 scrolls of teleportation
Potions
 b - 2 potions of haste
 c - 4 potions of heal wounds
 d - 3 potions of might
 f - 6 potions of curing
 j - 5 potions of mutation

Dungeon Overview and Level Annotations

Branches:
Dungeon (11/15)            Temple (1/1) D:7            Lair (5/5) D:11
 Shoals (0/4) Lair:2        Snake (0/4) Lair:3        Slime (0/5) Lair:4
    Orc (0/2) D:10          Sewer (visited)

Altars:
Cheibriados
Dithmenos
Elyvilon
Fedhas
Gozag
Hepliaklqana
Okawaru
Qazlal
Ru
Sif Muna
Uskayaw
Vehumet
Xom
Yredelemnul
Zin
Jiyva

Shops:
D:1 ?

Annotations:
Lair:2 2 transporters
Lair:5 2 runed translucent doors


Message History

You block the blink frog's attack. The eight-headed hydra bites you!
You block the eight-headed hydra's attack.
The eight-headed hydra bites you but does no damage.
The eight-headed hydra barely misses you.
The eight-headed hydra closely misses you.
The eight-headed hydra barely misses you. x2
The eight-headed hydra bites you but does no damage.
19475 ||| Stepping ~*~*~tactically~*~*~ (outnumbered).
You redirect the blink frog's attack!
The blink frog hits the eight-headed hydra!
The polar bear begins to attack, but is stunned by your conviction!
19476 ||| Stepping ~*~*~tactically~*~*~ (outnumbered).
The eight-headed hydra attacks as you move away!
The eight-headed hydra is stunned by your conviction and fails to attack.
The blink frog blinks!
You whack the eight-headed hydra! You headbutt the eight-headed hydra!
The eight-headed hydra is moderately wounded.
You block the eight-headed hydra's attack.
The eight-headed hydra misses you. The eight-headed hydra bites you.
The eight-headed hydra closely misses you.
The eight-headed hydra barely misses you.
The eight-headed hydra bites you but does no damage.
The eight-headed hydra misses you.
You block the eight-headed hydra's attack.
You barely miss the eight-headed hydra.
Your headbutt misses the eight-headed hydra.
The eight-headed hydra is moderately wounded.
The eight-headed hydra bites you but does no damage.
The eight-headed hydra barely misses you.
The eight-headed hydra bites you but does no damage.
The eight-headed hydra closely misses you.
The eight-headed hydra bites you but does no damage.
The eight-headed hydra bites you! The eight-headed hydra misses you.
The eight-headed hydra bites you but does no damage.
19479 ||| READING 7 scrolls of teleportation.
As you read the scroll of teleportation, it crumbles to dust.
You feel strangely unstable.
The eight-headed hydra bites you but does no damage.
The eight-headed hydra bites you! x2; The eight-headed hydra bites you.
You die...

~¤~# #..........#...## ###...
#¤~~# ##..............## #...
~#~# #.........~...#.# ###P
~#~~ ##.......~~....## ## ¤#
~# ##.!..#.~~~....#
###....##~~~~....##
###.......#~~~...##.# #
##.........#~~...##### ...
##.........##~~@D### ###~...
##..........##~~.DY.##%.....~
............##~~SFSh%%...~~~~
.............#~~~~S~..~~~~~~~
............###~~~~~~~~~~~~~~
.P.##....#### ####~~~~~~###S~
.......#.# ######## ~
.......### .......##


You could see 2 eight-headed hydras, a polar bear, a yak (drained), a blink
frog, a water moccasin and 2 electric eels.

Vanquished Creatures
  6 hydras
  An anaconda (Lair:5)
  3 two-headed ogres
  6 death yaks
  Urug (D:11)
  2 lindwurms (Lair:5)
  Pikel (D:6)
  An ugly thing (D:11)
  A cyclops (D:10)
  An oklob plant (Lair:2)
  A salamander (shapeshifter) (D:10)
  16 elephants
  5 black mambas
  A gargoyle (D:11)
  2 molten gargoyles (Lair:5)
  2 smoke demons (D:10)
  A kobold demonologist (D:10)
  13 cane toads
  A rime drake (Lair:5)
  13 komodo dragons
  An ice devil (D:10)
  3 polar bears
  A hornet (D:8)
  Grinder (D:6)
  A troll (D:8)
  21 blink frogs
  A shadow (D:11)
  2 wraiths
  2 vampires
  7 basilisks
  4 wyverns
  27 yaks
  4 hogs (D:7)
  4 steam dragons
  A human (D:7)
  Edmund (D:4)
  6 nagas (Lair:3)
  An acid dragon (D:11)
  6 water moccasins
  4 hell hounds (Lair:5)
  3 orc warriors
  5 black bears
  10 wolves
  7 centaurs
  A lemure (D:6)
  A phantom (D:4)
  Blork the orc (D:6)
  13 bullfrogs
  2 necrophages
  3 gnoll sergeants (D:8)
  2 scorpions
  15 killer bees
  5 howler monkeys
  3 lava snakes (Lair:5)
  4 crimson imps (D:9)
  5 jellies
  2 quasits (D:10)
  4 hounds
  7 orc priests
  3 iguanas
  7 hell rats
  7 orc wizards
  2 human simulacra (D:11)
  Robin (D:3)
  9 adders
  2 river rats (D:11)
  5 gnolls (D:8)
  A shadow imp (D:8)
  2 white imps
  5 worms
  A dart slug (D:1)
  36 orcs
  4 bats
  20 endoplasms
  4 giant cockroaches
  13 goblins
  7 hobgoblins
  7 kobolds
  5 quokkas
  9 ball pythons
  6 frilled lizards
  16 rats
441 creatures vanquished.

Vanquished Creatures (others)
  A hydra (D:11)
  A kobold demonologist (D:8)
  A lava snake (Lair:5)
  An orc wizard (D:8)
  A hell rat (Lair:1)
  2 orcs (D:10)
  A bush (Lair:2)
  7 demonic plants (D:10)
  31 fungi
  47 plants
93 creatures vanquished.

Grand Total: 534 creatures vanquished

Notes
Turn   | Place    | Note
-------+----------+-------------------------------------------
     0 | D:1      | qw the Minotaur Fighter began the quest for the Orb.
     0 | D:1      | Reached XP level 1. HP: 19/19 MP: 0/0
     0 | D:1      | 0 ||| qw: Version: 0.1-a-103-gd6f5d3a
     0 | D:1      | 0 ||| qw: Game counter: 5484
     0 | D:1      | 0 ||| qw: Always use a shield: true
     0 | D:1      | 0 ||| qw: God list: Ru
     0 | D:1      | 0 ||| qw: Allow faded altars: false
     0 | D:1      | 0 ||| qw: Do Orc after D:15 true
     0 | D:1      | 0 ||| qw: Do second Lair branch before Depths: true
     0 | D:1      | 0 ||| qw: Lair rune preference: random
     0 | D:1      | 0 ||| qw: Plans: Normal
     0 | D:1      | 0 ||| PLANNING D:1-11
    19 | D:1      | Found Fueweh's Magic Scroll Shoppe.
    36 | D:1      | 36 ||| SHOPLISTING scroll of enchant armour (75 gold, have
                  | 0).
    36 | D:1      | 36 ||| SHOPLISTING scroll of identify (20 gold, have 0).
    36 | D:1      | 36 ||| SHOPLISTING scroll of teleportation (30 gold, have
                  | 0).
   131 | D:1      | Reached skill level 3 in Axes
   160 | D:1      | 160 ||| Stepping ~*~*~tactically~*~*~ (stealth).
   201 | D:1      | Reached XP level 2. HP: 25/26 MP: 1/1
   579 | D:1      | 579 ||| DROPPING +0 club.
   635 | D:1      | Reached skill level 4 in Axes
   774 | D:1      | Reached XP level 3. HP: 26/31 MP: 2/2
  1108 | D:1      | Found a faded altar of an unknown god.
  1154 | D:1      | 1154 ||| UPGRADING to +4 ring of protection.
  1155 | D:1      | 1155 ||| READING scroll labelled MULEM WUEBI.
  1156 | D:1      | 1156 ||| DRINKING 2 fizzy dark potions.
  1157 | D:1      | 1157 ||| DROPPING potion of attraction.
  1186 | D:2      | 1186 ||| STAIRDANCE
  1445 | D:2      | Reached skill level 5 in Axes
  1845 | D:2      | Reached skill level 1 in Dodging
  1939 | D:2      | Reached XP level 4. HP: 39/39 MP: 3/3
  2341 | D:2      | 2341 ||| UPGRADING to +0 cloak.
  2346 | D:2      | 2346 ||| UPGRADING to +1 pair of gloves.
  2351 | D:2      | 2351 ||| READING scroll labelled PICAXOGAEK.
  2352 | D:2      | 2352 ||| READING scroll labelled CUCUYT URIU.
  2352 | D:2      | Identified a scroll of acquirement
  2352 | D:2      | 2352 ||| ACQUIRING +2 cloak of Ogouveg {rF+ Slay+2}
  2352 | D:2      | Acquired the +2 cloak of Ogouveg {rF+ Slay+2}
  2354 | D:2      | 2354 ||| UPGRADING to +2 cloak of Ogouveg {rF+ Slay+2}.
  2364 | D:2      | 2364 ||| DROPPING +0 cloak.
  2365 | D:2      | 2365 ||| DRINKING 6 sedimented coppery potions.
  2366 | D:2      | 2366 ||| DROPPING 5 potions of degeneration.
  2540 | D:3      | Noticed Robin
  2541 | D:3      | 2541 ||| Stepping ~*~*~tactically~*~*~ (hiding).
  2542 | D:3      | 2542 ||| Stepping ~*~*~tactically~*~*~ (hiding).
  2553 | D:3      | Killed Robin
  2554 | D:3      | 2554 ||| Stepping ~*~*~tactically~*~*~ (stealth).
  2570 | D:3      | 2570 ||| Stepping ~*~*~tactically~*~*~ (stealth).
  2578 | D:3      | 2578 ||| Stepping ~*~*~tactically~*~*~ (stealth).
  2651 | D:3      | 2651 ||| Stepping ~*~*~tactically~*~*~ (stealth).
  2694 | D:3      | 2694 ||| DROPPING +0 whip.
  2893 | D:3      | Reached skill level 6 in Axes
  3276 | D:3      | 3276 ||| DROPPING amulet of magic regeneration.
  3277 | D:3      | 3277 ||| READING scroll labelled BUZXANI DILON.
  3282 | D:3      | 3282 ||| READING scroll labelled YTUTAE KISURPH.
  3283 | D:3      | 3283 ||| DRINKING 2 sedimented dark potions.
  3325 | D:3      | 3325 ||| DROPPING potion of lignification.
  3352 | D:4      | Noticed a necrophage
  3357 | D:4      | Killed a necrophage
  3358 | D:4      | Reached XP level 5. HP: 45/45 MP: 4/4
  3419 | D:4      | Noticed Edmund
  3426 | D:4      | Killed Edmund
  3427 | D:4      | Reached skill level 7 in Axes
  3427 | D:4      | Reached XP level 6. HP: 43/51 MP: 5/5
  3471 | D:4      | 3471 ||| DROPPING +0 flail.
  3649 | D:4      | Found a shadowy altar of Dithmenos.
  3651 | D:4      | 3651 ||| UPGRADING to +0 chain mail.
  3661 | D:4      | 3661 ||| DROPPING +0 scale mail.
  3662 | D:4      | 3662 ||| READING scroll labelled POSHRE KO GOLO.
  3663 | D:4      | 3663 ||| READING 3 scrolls of identify.
  3663 | D:4      | 3663 ||| IDENTIFYING coppery potion
  3664 | D:4      | 3664 ||| Stepping randomly (stuck).
  3665 | D:4      | 3665 ||| Stepping randomly (stuck).
  3679 | D:4      | 3679 ||| DROPPING +1 hand axe of electrocution.
  4014 | D:5      | Entered Level 5 of the Dungeon
  4034 | D:5      | Reached skill level 8 in Axes
  4034 | D:5      | Reached XP level 7. HP: 60/60 MP: 6/6
  4053 | D:5      | Found a radiant altar of Vehumet.
  4063 | D:5      | 4063 ||| Stepping ~*~*~tactically~*~*~ (stealth).
  4069 | D:5      | 4069 ||| Stepping ~*~*~tactically~*~*~ (stealth).
  4072 | D:5      | 4072 ||| Stepping ~*~*~tactically~*~*~ (stealth).
  4073 | D:5      | 4073 ||| Stepping ~*~*~tactically~*~*~ (stealth).
  4074 | D:5      | 4074 ||| Stepping ~*~*~tactically~*~*~ (stealth).
  4075 | D:5      | 4075 ||| Stepping ~*~*~tactically~*~*~ (stealth).
  4146 | D:5      | Found a stormy altar of Qazlal.
  4181 | D:5      | 4181 ||| Stepping ~*~*~tactically~*~*~ (stealth).
  4183 | D:5      | 4183 ||| Stepping ~*~*~tactically~*~*~ (stealth).
  4185 | D:5      | 4185 ||| Stepping ~*~*~tactically~*~*~ (hiding).
  4217 | D:5      | 4217 ||| Stepping ~*~*~tactically~*~*~ (stealth).
  4230 | D:5      | 4230 ||| Stepping ~*~*~tactically~*~*~ (stealth).
  4231 | D:5      | 4231 ||| Stepping ~*~*~tactically~*~*~ (stealth).
  4436 | D:5      | 4436 ||| Stepping ~*~*~tactically~*~*~ (stealth).
  4449 | D:5      | Reached skill level 9 in Axes
  4533 | D:5      | 4533 ||| Stepping ~*~*~tactically~*~*~ (stealth).
  4534 | D:5      | 4534 ||| Stepping ~*~*~tactically~*~*~ (stealth).
  4536 | D:5      | 4536 ||| Stepping ~*~*~tactically~*~*~ (stealth).
  4641 | D:5      | Found an iron altar of Okawaru.
  4784 | D:5      | Found a basalt altar of Yredelemnul.
  4963 | D:5      | 4963 ||| READING scroll labelled UZOUZU DIPPEPN.
  5105 | D:5      | 5105 ||| READING scroll labelled HAOCAMAOBB.
  5119 | D:6      | Noticed Blork the orc
  5120 | D:6      | 5120 ||| PLANNING SEWER
  5126 | D:6      | Killed Blork the orc
  5275 | D:6      | Reached skill level 10 in Axes
  5505 | D:6      | Noticed Grinder
  5512 | D:6      | Killed Grinder
  5513 | D:6      | Reached skill level 6 in Fighting
  5513 | D:6      | Reached XP level 8. HP: 55/71 MP: 7/7
  5600 | D:6      | Found a glowing drain.
  5602 | D:6      | 5602 ||| READING scroll labelled ROTHON REOR.
  5716 | Sewer    | Entered a sewer
  5863 | Sewer    | 5863 ||| Stepping ~*~*~tactically~*~*~ (stealth).
  5870 | Sewer    | 5870 ||| Stepping ~*~*~tactically~*~*~ (stealth).
  5878 | Sewer    | 5878 ||| Stepping ~*~*~tactically~*~*~ (water).
  5885 | Sewer    | Found a viscous altar of Jiyva.
  5894 | Sewer    | 5894 ||| Stepping ~*~*~tactically~*~*~ (water).
  5925 | Sewer    | 5925 ||| Stepping ~*~*~tactically~*~*~ (water).
  5936 | Sewer    | 5936 ||| READING scroll labelled BAEGOWYKLI.
  5937 | Sewer    | 5937 ||| DRINKING 2 clear potions.
  5938 | Sewer    | 5938 ||| READING 3 scrolls of identify.
  5938 | Sewer    | 5938 ||| IDENTIFYING bubbling ruby potion
  5939 | Sewer    | 5939 ||| READING 2 scrolls of identify.
  5939 | Sewer    | 5939 ||| IDENTIFYING fizzy ruby potion
  5956 | D:6      | 5956 ||| PLANNING D:1-11
  6027 | D:6      | Noticed Pikel
  6028 | D:6      | 6028 ||| Stepping ~*~*~tactically~*~*~ (stealth).
  6042 | D:6      | Killed Pikel
  6043 | D:6      | Reached skill level 12 in Axes
  6233 | D:6      | Reached XP level 9. HP: 73/78 MP: 8/8
  6546 | D:6      | 6546 ||| READING scroll labelled EGEDYM ZEQ.
  6588 | D:7      | 6588 ||| Stepping ~*~*~tactically~*~*~ (stealth).
  6708 | D:7      | 6708 ||| Stepping ~*~*~tactically~*~*~ (stealth).
  6712 | D:7      | 6712 ||| Stepping ~*~*~tactically~*~*~ (stealth).
  6763 | D:7      | Reached skill level 13 in Axes
  6973 | D:7      | Found a staircase to the Ecumenical Temple.
  6974 | D:7      | 6974 ||| PLANNING TEMPLE
  6974 | D:7      | 6974 ||| UPGRADING to +0 pair of boots.
  6987 | Temple   | Entered the Ecumenical Temple
  6993 | Temple   | Became a worshipper of Ru the Awakened
  6995 | Temple   | 6995 ||| PLANNING D:1-11
  7080 | D:7      | Reached skill level 6 in Armour
  7228 | D:7      | Reached skill level 3 in Throwing
  7422 | D:7      | 7422 ||| UPGRADING to +0 plate armour.
  7432 | D:7      | 7432 ||| DROPPING +0 chain mail.
  7433 | D:7      | 7433 ||| READING scroll labelled FUOHELU YFIET.
  7575 | D:8      | 7575 ||| Stepping ~*~*~tactically~*~*~ (stealth).
  7587 | D:8      | Noticed a troll
  7593 | D:8      | Killed a troll
  7752 | D:8      | Reached XP level 10. HP: 38/88 MP: 9/9
  8051 | D:8      | 8051 ||| Stepping ~*~*~tactically~*~*~ (hiding).
  8057 | D:8      | 8057 ||| DRINKING 4 potions of curing.
  8057 | D:8      | 8057 ||| (to cure confusion)
  8160 | D:8      | Paralysed by a hornet for 3 turns
  8316 | D:8      | 8316 ||| INVOKING Sacrifice Essence.
  8316 | D:8      | Gained mutation: You are slightly weak-willed. (Will-) [Ru
                  | sacrifice]
  8316 | D:8      | Reached * piety under Ru
  8642 | D:8      | Reached skill level 14 in Axes
  8648 | D:8      | HP: 22/88 [poisoned by a gnoll sergeant]
  8649 | D:8      | 8649 ||| READING 2 scrolls of teleportation.
  8650 | D:8      | 8650 ||| DRINKING potion of heal wounds.
  8652 | D:8      | Found a shimmering blue altar of Sif Muna.
  8653 | D:8      | 8653 ||| DRINKING 3 potions of curing.
  8653 | D:8      | 8653 ||| (to cure confusion)
  8656 | D:8      | 8656 ||| DRINKING 2 potions of curing.
  8656 | D:8      | 8656 ||| (to cure confusion)
  8943 | D:8      | Found a snail-covered altar of Cheibriados.
  8944 | D:8      | 8944 ||| Stepping ~*~*~tactically~*~*~ (stealth).
  9500 | D:8      | 9500 ||| READING scroll labelled EXZUMUE FIKAB.
  9501 | D:8      | 9501 ||| READING 3 scrolls of identify.
  9501 | D:8      | 9501 ||| IDENTIFYING viscous dark potion
  9502 | D:8      | 9502 ||| DROPPING potion of berserk rage.
  9657 | D:9      | 9657 ||| Stepping ~*~*~tactically~*~*~ (stealth).
  9658 | D:9      | Noticed a two-headed ogre
  9659 | D:9      | 9659 ||| Stepping ~*~*~tactically~*~*~ (stealth).
  9660 | D:9      | 9660 ||| Stepping ~*~*~tactically~*~*~ (stealth).
  9662 | D:9      | 9662 ||| Stepping ~*~*~tactically~*~*~ (stealth).
  9664 | D:9      | 9664 ||| Stepping ~*~*~tactically~*~*~ (stealth).
  9681 | D:9      | Killed a two-headed ogre
  9682 | D:9      | Reached skill level 15 in Axes
  9919 | D:9      | Found a blossoming altar of Fedhas.
  9955 | D:9      | Reached skill level 9 in Fighting
  9971 | D:9      | Found a shimmering altar of Xom.
  9983 | D:9      | Reached skill level 3 in Dodging
 10411 | D:10     | Entered Level 10 of the Dungeon
 10411 | D:10     | Noticed a smoke demon
 10415 | D:10     | Killed a smoke demon
 10416 | D:10     | Reached XP level 11. HP: 97/97 MP: 10/10
 10705 | D:10     | 10705 ||| Stepping ~*~*~tactically~*~*~ (stealth).
 10712 | D:10     | 10712 ||| Stepping ~*~*~tactically~*~*~ (hiding).
 10720 | D:10     | Reached skill level 16 in Axes
 10759 | D:10     | 10759 ||| Stepping ~*~*~tactically~*~*~ (hiding).
 10779 | D:10     | 10779 ||| FLEEEEING.
 10911 | D:10     | Found a staircase to the Orcish Mines.
 10996 | D:10     | 10996 ||| DRINKING potion of curing.
 10996 | D:10     | 10996 ||| (to cure confusion)
 11256 | D:10     | Reached skill level 9 in Armour
 11472 | D:10     | 11472 ||| DROPPING +6 ring of intelligence.
 11473 | D:10     | 11473 ||| UPGRADING to +4 ring of evasion.
 11474 | D:10     | 11474 ||| READING 2 scrolls of identify.
 11474 | D:10     | 11474 ||| IDENTIFYING cyan potion
 11505 | D:11     | Noticed a two-headed ogre
 11509 | D:11     | 11509 ||| STAIRDANCE
 11553 | D:11     | Killed a two-headed ogre
 11554 | D:11     | Reached skill level 6 in Shields
 11697 | D:11     | Noticed a five-headed hydra
 11701 | D:11     | 11701 ||| SWAPPING to +1 flail of holy wrath.
 11706 | D:11     | Killed a five-headed hydra
 11707 | D:11     | 11707 ||| SWAPPING to +0 war axe.
 11782 | D:11     | Noticed a two-headed ogre
 11788 | D:11     | Killed a two-headed ogre
 11794 | D:11     | Noticed a death yak
 11795 | D:11     | Noticed a death yak
 11796 | D:11     | 11796 ||| Stepping ~*~*~tactically~*~*~ (stealth).
 11798 | D:11     | 11798 ||| Stepping ~*~*~tactically~*~*~ (stealth).
 11798 | D:11     | Noticed a death yak
 11802 | D:11     | 11802 ||| Stepping ~*~*~tactically~*~*~ (stealth).
 11803 | D:11     | 11803 ||| Stepping ~*~*~tactically~*~*~ (hiding).
 11811 | D:11     | Killed a death yak
 11812 | D:11     | Reached skill level 17 in Axes
 11820 | D:11     | Killed a death yak
 11832 | D:11     | Killed a death yak
 12114 | D:11     | Found a staircase to the Lair.
 12164 | D:11     | 12164 ||| Stepping ~*~*~tactically~*~*~ (hiding).
 12276 | D:11     | 12276 ||| INVOKING Sacrifice an Eye.
 12276 | D:11     | Gained mutation: You are missing an eye, making it more
                  | difficult to aim. [Ru sacrifice]
 12276 | D:11     | Reached ** piety under Ru
 12325 | D:11     | Noticed a seven-headed hydra
 12326 | D:11     | 12326 ||| SWAPPING to +1 flail of holy wrath.
 12327 | D:11     | Killed a seven-headed hydra
 12328 | D:11     | 12328 ||| SWAPPING to +0 war axe.
 12328 | D:11     | Noticed a green ugly thing
 12329 | D:11     | 12329 ||| Stepping ~*~*~tactically~*~*~ (stealth).
 12344 | D:11     | Killed a green ugly thing
 12542 | D:11     | Noticed Urug
 12554 | D:11     | Killed Urug
 12809 | D:11     | 12809 ||| PLANNING LAIR
 12822 | Lair:1   | Entered Level 1 of the Lair of Beasts
 12832 | Lair:1   | Reached XP level 12. HP: 73/106 MP: 11/11
 13017 | Lair:1   | 13017 ||| DROPPING +1 flail of holy wrath.
 13036 | Lair:1   | 13036 ||| Stepping ~*~*~tactically~*~*~ (hiding).
 13574 | Lair:1   | 13574 ||| READING scroll of acquirement.
 13574 | Lair:1   | 13574 ||| ACQUIRING +0 buckler of fire resistance
 13574 | Lair:1   | Acquired a +0 buckler of fire resistance
 13576 | Lair:1   | 13576 ||| UPGRADING to +0 buckler of fire resistance.
 13586 | Lair:1   | 13586 ||| DROPPING +0 buckler.
 13805 | Lair:1   | Noticed a four-headed hydra
 13808 | Lair:1   | 13808 ||| SWAPPING to +1 demon whip of draining.
 13814 | Lair:1   | Killed a four-headed hydra
 13815 | Lair:1   | 13815 ||| SWAPPING to +0 war axe.
 13974 | Lair:1   | 13974 ||| UPGRADING to amulet of reflection.
 14006 | Lair:2   | Noticed a six-headed hydra
 14008 | Lair:2   | 14008 ||| SWAPPING to +1 demon whip of draining.
 14013 | Lair:2   | Killed a six-headed hydra
 14014 | Lair:2   | 14014 ||| SWAPPING to +0 war axe.
 14083 | Lair:2   | 14083 ||| FLEEEEING.
 14084 | Lair:2   | 14084 ||| FLEEEEING.
 14096 | Lair:2   | 14096 ||| FLEEEEING.
 14120 | Lair:2   | Reached skill level 12 in Fighting
 14187 | Lair:2   | 14187 ||| Stepping ~*~*~tactically~*~*~ (stealth).
 14320 | Lair:2   | 14320 ||| FLEEEEING.
 14321 | Lair:2   | 14321 ||| FLEEEEING.
 14322 | Lair:2   | 14322 ||| FLEEEEING.
 14323 | Lair:2   | 14323 ||| FLEEEEING.
 14324 | Lair:2   | 14324 ||| FLEEEEING.
 14325 | Lair:2   | 14325 ||| FLEEEEING.
 14326 | Lair:2   | 14326 ||| FLEEEEING.
 14327 | Lair:2   | 14327 ||| STAIRDANCE
 14450 | Lair:2   | Found a staircase to the Shoals.
 14493 | Lair:2   | Found a transporter.
 14552 | Lair:2   | Noticed a five-headed hydra
 14554 | Lair:2   | 14554 ||| SWAPPING to +1 demon whip of draining.
 14563 | Lair:2   | Killed a five-headed hydra
 14564 | Lair:2   | 14564 ||| SWAPPING to +0 war axe.
 14571 | Lair:2   | 14571 ||| Stepping ~*~*~tactically~*~*~ (stealth).
 14576 | Lair:2   | 14576 ||| Stepping ~*~*~tactically~*~*~ (stealth).
 14597 | Lair:2   | Reached skill level 12 in Armour
 14603 | Lair:2   | 14603 ||| DRINKING potion of cancellation.
 14682 | Lair:2   | 14682 ||| Stepping ~*~*~tactically~*~*~ (stealth).
 14686 | Lair:2   | 14686 ||| Stepping ~*~*~tactically~*~*~ (stealth).
 15087 | Lair:2   | Found a transporter.
 15202 | Lair:3   | Noticed a five-headed hydra
 15206 | Lair:3   | 15206 ||| SWAPPING to +1 demon whip of draining.
 15212 | Lair:3   | Killed a five-headed hydra
 15213 | Lair:3   | 15213 ||| SWAPPING to +0 war axe.
 15244 | Lair:3   | Reached XP level 13. HP: 119/119 MP: 12/12
 15304 | Lair:3   | 15304 ||| INVOKING Sacrifice Nimbleness.
 15304 | Lair:3   | Gained mutation: You cannot train Dodging skill. [Ru
                  | sacrifice]
 15304 | Lair:3   | Reached *** piety under Ru
 15304 | Lair:3   | Reached **** piety under Ru
 15391 | Lair:3   | Reached skill level 6 in Throwing
 15487 | Lair:3   | 15487 ||| Stepping ~*~*~tactically~*~*~ (hiding).
 15509 | Lair:3   | Found a staircase to the Snake Pit.
 15645 | Lair:3   | 15645 ||| SWAPPING to +1 war axe of draining.
 15646 | Lair:3   | 15646 ||| DROPPING +0 war axe.
 15916 | Lair:3   | 15916 ||| Stepping ~*~*~tactically~*~*~ (stealth).
 15938 | Lair:3   | Reached skill level 9 in Shields
 15947 | Lair:3   | 15947 ||| Stepping ~*~*~tactically~*~*~ (stealth).
 16487 | Lair:3   | 16487 ||| READING 3 scrolls of identify.
 16487 | Lair:3   | 16487 ||| IDENTIFYING bubbling golden potion
 16488 | Lair:3   | 16488 ||| DROPPING potion of flight.
 16528 | Lair:4   | 16528 ||| STAIRDANCE
 16536 | Lair:4   | 16536 ||| STAIRDANCE
 16571 | Lair:4   | Found a viscous altar of Jiyva.
 16571 | Lair:4   | Found a staircase to the Slime Pits.
 16572 | Lair:4   | 16572 ||| Stepping ~*~*~tactically~*~*~ (stealth).
 16573 | Lair:4   | 16573 ||| Stepping ~*~*~tactically~*~*~ (stealth).
 16576 | Lair:4   | 16576 ||| Stepping ~*~*~tactically~*~*~ (stealth).
 16578 | Lair:4   | 16578 ||| Stepping ~*~*~tactically~*~*~ (stealth).
 16813 | Lair:4   | 16813 ||| Stepping ~*~*~tactically~*~*~ (stealth).
 16830 | Lair:4   | 16830 ||| Stepping ~*~*~tactically~*~*~ (stealth).
 16832 | Lair:4   | 16832 ||| Stepping ~*~*~tactically~*~*~ (stealth).
 16834 | Lair:4   | 16834 ||| Stepping ~*~*~tactically~*~*~ (stealth).
 16835 | Lair:4   | 16835 ||| Stepping ~*~*~tactically~*~*~ (stealth).
 16857 | Lair:4   | 16857 ||| Stepping ~*~*~tactically~*~*~ (stealth).
 16864 | Lair:4   | 16864 ||| Stepping ~*~*~tactically~*~*~ (stealth).
 16994 | Lair:4   | 16994 ||| Stepping ~*~*~tactically~*~*~ (stealth).
 17184 | Lair:4   | 17184 ||| INVOKING Sacrifice Experience.
 17184 | Lair:4   | Gained mutation: You are somewhat inexperienced. (-1 XL)
                  | [Ru sacrifice]
 17184 | Lair:4   | Reached XP level 12. HP: 118/118 MP: 11/11
 17184 | Lair:4   | Reached ***** piety under Ru
 17537 | Lair:5   | Entered Level 5 of the Lair of Beasts
 17606 | Lair:5   | 17606 ||| INVOKING Apocalypse.
 17607 | Lair:5   | 17607 ||| FLEEEEING.
 17626 | Lair:5   | 17626 ||| FLEEEEING.
 17627 | Lair:5   | 17627 ||| FLEEEEING.
 17628 | Lair:5   | 17628 ||| FLEEEEING.
 17629 | Lair:5   | 17629 ||| FLEEEEING.
 17630 | Lair:5   | 17630 ||| FLEEEEING.
 17631 | Lair:5   | 17631 ||| FLEEEEING.
 17632 | Lair:5   | 17632 ||| STAIRDANCE
 17673 | Lair:4   | 17673 ||| READING scroll labelled SOGUSKAY IPTUMP.
 17811 | Lair:5   | 17811 ||| Stepping ~*~*~tactically~*~*~ (stealth).
 18147 | Lair:5   | 18147 ||| INVOKING Apocalypse.
 18244 | Lair:5   | 18244 ||| Stepping ~*~*~tactically~*~*~ (hiding).
 18260 | Lair:5   | Reached skill level 15 in Fighting
 18367 | Lair:5   | 18367 ||| Stepping ~*~*~tactically~*~*~ (hiding).
 18371 | Lair:5   | 18371 ||| DRINKING potion of cancellation.
 18499 | Lair:5   | 18499 ||| FLEEEEING.
 18501 | Lair:5   | 18501 ||| FLEEEEING.
 18581 | Lair:5   | 18581 ||| Stepping ~*~*~tactically~*~*~ (stealth).
 18583 | Lair:5   | 18583 ||| Stepping ~*~*~tactically~*~*~ (stealth).
 18590 | Lair:5   | Reached XP level 13. HP: 107/114 MP: 12/12
 18590 | Lair:5   | Found a large runed translucent door.
 18590 | Lair:5   | Found a large runed translucent door.
 18622 | Lair:5   | 18622 ||| FLEEEEING.
 18748 | Lair:5   | 18748 ||| INVOKING Apocalypse.
 18787 | Lair:5   | 18787 ||| FLEEEEING.
 18788 | Lair:5   | 18788 ||| FLEEEEING.
 19204 | Lair:5   | 19204 ||| Stepping ~*~*~tactically~*~*~ (stealth).
 19452 | Lair:5   | 19452 ||| Stepping ~*~*~tactically~*~*~ (stealth).
 19460 | Lair:5   | 19460 ||| SWAPPING to +1 demon whip of draining.
 19462 | Lair:5   | 19462 ||| Stepping ~*~*~tactically~*~*~ (outnumbered).
 19465 | Lair:5   | 19465 ||| Stepping ~*~*~tactically~*~*~ (outnumbered).
 19474 | Lair:5   | 19474 ||| Stepping ~*~*~tactically~*~*~ (outnumbered).
 19475 | Lair:5   | 19475 ||| Stepping ~*~*~tactically~*~*~ (outnumbered).
 19476 | Lair:5   | 19476 ||| Stepping ~*~*~tactically~*~*~ (outnumbered).
 19478 | Lair:5   | HP: 24/113 [eight-headed hydra (8)]
 19479 | Lair:5   | 19479 ||| READING 7 scrolls of teleportation.
 19479 | Lair:5   | HP: 5/113 [eight-headed hydra (8)]
 19479 | Lair:5   | Slain by an eight-headed hydra

Levels and vault maps discovered:
D:1:      wander_arrival_chamber, layout_basic,
          shapermc_ecumenical_altar_mp_vishouse, serial_shops, shop,
          chequers_serial_rivers_micro_e
D:2:      layout_basic
D:3:      layout_basic, corexii_shack, minmay_strange_pillars,
          chequers_serial_rivers_room_a, uniq_robin
D:4:      layout_basic, nicolae_dithmenos_through_a_glass_darkly, uniq_edmund
D:5:      layout_loops_ring, vehumet_altar_wand_db,
          nicolae_qazlal_general_emergency, amcnicky_altar_gilded,
          lemuel_round_altar
D:6:      layout_cave_pods, cheibrodos_sewer_entry_bend, amethyst_killhole,
          uniq_blork_the_orc, uniq_pikel, uniq_grinder
D:7:      layout_basic, minmay_temple_entry_slanted, grunt_livestock,
          hangedman_glass_teeth, interstate_on_off
D:8:      minmay_opposing_rooms, layout_basic, tgw_sif, general_overflow_altar,
          st_stairs_1
D:9:      layout_basic, fedhas_altar_2, led_xom_imps
D:10:     layout_loops_ring, hiddenorc1_lemuel, serial_demonic,
          serial_demonic_f, serial_demonic_g, serial_demonic_c, serial_demonic_b
D:11:     layout_cave_pools, dpeg_lair_monsters, serial_rivers,
          chequers_serial_rivers_large_a, chequers_serial_rivers_room_a,
          chequers_serial_rivers_micro_e, chequers_serial_rivers_micro_b,
          chequers_serial_rivers_room_b, bh_circular_ruins, uniq_urug
Temple:   compressed_dpeg_triangle_lava_temple
Lair:1:   layout_roguey, serial_bayou_shore_b
Lair:2:   gammafunk_cloud_chamber, layout_misc_corridors,
          minmay_shoals_entry_centaurs
Lair:3:   layout_cave_pods, minmay_snake_entry_guardpost_large,
          beast_lair_carwin_5
Lair:4:   layout_regular_city, slime_entry_1, grunt_megastairs_4,
          infiniplex_staircase_pool_2
Lair:5:   cheibrodos_lair_end_hotspot, layout_cave_pods,
          nicolae_lair_lakeside_cave

Skill      XL: |  1  2  3  4  5  6  7  8  9 10 11 12 13 |
---------------+----------------------------------------+-----
Axes           | 3 4 5 6 7 8 10 12 13 15 17 | 17.0
Dodging        | 1 2 3 5 0 |  0.0
Throwing       | 2 3 4 7 6 |  7.0
Fighting       | 4 6 7 9 10 15 14 | 15.0
Armour         | 4 7 8 10 12 14 | 14.4
Shields        | 4 5 7 8 10 | 10.0

Action                   |  1- 3 |  4- 6 |  7- 9 | 10-12 | 13-15 || total
-------------------------+-------+-------+-------+-------+-------++-------
Melee: War axe           |    92 |    75 |   186 |   600 |   303 ||  1256
       Headbutt          |    12 |    13 |    29 |   119 |    54 ||   227
       Flail             |       |       |       |     4 |       ||     4
       Demon whip        |       |       |       |    22 |    13 ||    35
Throw: Boomerang         |       |     8 |       |     4 |     5 ||    17
       Javelin           |       |     7 |    51 |    83 |    60 ||   201
Invok: Sacrifice Essence |       |       |       |     1 |       ||     1
       Sacrifice an Eye  |       |       |       |     1 |       ||     1
       Apocalypse        |       |       |       |     2 |     1 ||     3
       Sacrifice Experie |       |       |       |     1 |       ||     1
       Sacrifice Nimblen |       |       |       |       |     1 ||     1
  Use: Scroll            |     1 |     6 |     8 |     6 |     2 ||    23
       Potion            |     1 |     2 |     1 |     7 |       ||    11
 Stab: Distracted        |       |       |       |     1 |     1 ||     2
       Petrifying        |       |       |       |     1 |       ||     1
       Invisible         |       |       |       |       |     1 ||     1
       Petrified         |       |       |       |       |     1 ||     1
Armor: Scale mail        |    30 |    17 |       |       |       ||    47
       Chain mail        |       |     7 |    65 |       |       ||    72
       Plate armour      |       |       |    29 |   297 |   129 ||   455
Dodge: Dodged            |    35 |    16 |    57 |   204 |   105 ||   417
Block: Buckler           |    15 |     8 |    29 |   160 |   116 ||   328
       Reflection        |       |       |       |     2 |     1 ||     3

Table legend:
 A = Non-vault XP
 B = Vault XP
 C = Vault XP percentage of total XP
 D = Non-vault monster count
 E = Vault monster count
 F = Vault count percentage of total count
                 A         B        C        D         E       F
            +---------+---------+-------+---------+---------+-------
      Total |   47482 |   22586 |  32.2 |     292 |     152 |  34.2
            +---------+---------+-------+---------+---------+-------
        D:1 |      53 |       0 |   0.0 |      32 |       0 |   0.0
        D:2 |      58 |       0 |   0.0 |      14 |       0 |   0.0
        D:3 |      36 |      39 |  52.0 |      13 |      13 |  50.0
        D:4 |     331 |     166 |  33.4 |      12 |       1 |   7.7
        D:5 |     517 |       1 |   0.2 |      24 |       1 |   4.0
        D:6 |     554 |    1074 |  66.0 |      10 |       5 |  33.3
        D:7 |     750 |     943 |  55.7 |      10 |       5 |  33.3
        D:8 |    1700 |    1357 |  44.4 |      31 |      13 |  29.5
        D:9 |    2967 |     194 |   6.1 |      19 |       4 |  17.4
       D:10 |    1689 |    1337 |  44.2 |       4 |      20 |  83.3
       D:11 |    4268 |    3413 |  44.4 |      10 |      14 |  58.3
     Lair:1 |    3737 |       0 |   0.0 |      17 |       0 |   0.0
     Lair:2 |   11402 |     444 |   3.7 |      34 |       4 |  10.5
     Lair:3 |    8797 |    2538 |  22.4 |      31 |      12 |  27.9
     Lair:4 |    5684 |    3317 |  36.9 |      16 |       8 |  33.3
     Lair:5 |    4939 |    7635 |  60.7 |      15 |      33 |  68.8
      Sewer |       0 |     128 | 100.0 |       0 |      19 | 100.0
            +---------+---------+-------+---------+---------+-------
